 Dungeon Crawl Stone Soup version 0.24-a0-479-g9a978d2894 (webtiles) character file.

Game seed: 3259803472289205325

2136313 bmfx the Slayer (level 27, 235/235 HPs)
             Began as a Gnoll Gladiator on July 7, 2019.
             Was the Champion of Makhleb.
             Escaped with the Orb
             ... and 4 runes!
             The game lasted 04:40:35 (87833 turns).

bmfx the Slayer (Gnoll Gladiator)                  Turns: 87833, Time: 04:40:35

Health: 235/235    AC: 46    Str: 23    XL:     27
Magic:  46/46      EV: 29    Int: 20    God:    Makhleb [******]
Gold:   2511       SH: 13    Dex: 20    Spells: 8/64 levels left

rFire    + . .     SeeInvis .   a - +9 broad axe (elec)
rCold    + . .     Gourm    .   W - +3 buckler {AC+3}
rNeg     + + +     Faith    .   V - +10 plate armour {rF+}
rPois    +         Spirit   +   T - +2 hat "Houdeud" {Int+7 Dex+3}
rElec    +         Reflect  .   C - +2 cloak {MR+}
rCorr    .         Harm     .   K - +1 pair of gloves of the Vestibule of Hell {+Blink rElec rN+++ Dex-4}
MR       +++++                  b - +2 pair of boots {run}
Stlth    +.........             P - amulet of guardian spirit
HPRegen  0.49/turn              E - ring "Ecov" {rPois rC+ MR+}
MPRegen  0.30/turn              G - ring of Phasing {EV+8}

@: studying Fighting, deflect missiles, quick
A: distributed training, fangs 1, horns 1, talons 2, icy blue scales 1, magic
resistance 2, MP-powered wands, strong nose
0: Orb of Zot
}: 4/15 runes: decaying, serpentine, slimy, silver
a: Minor Destruction, Lesser Servant of Makhleb, Major Destruction, Greater
Servant of Makhleb, Renounce Religion, Evoke Blink


You escaped.
You worshipped Makhleb.
Makhleb was exalted by your worship.
You were very full.

You visited 11 branches of the dungeon, and saw 57 of its levels.
You also visited: Gauntlet, Ice Cave, Volcano and Wizlab.

You collected 10179 gold pieces.
You spent 7668 gold pieces at shops.


Innate Abilities, Weirdness & Mutations

Your experience applies equally to all skills.
You have very sharp teeth.
Your uncanny sense of smell can sniff out nearby items.
You have a pair of small horns on your head.
You have razor-sharp toenails.
You are partially covered in icy blue scales. (AC +2)
You are highly resistant to hostile enchantments. (MR++)
You expend magic power (3 MP) to strengthen your wands.

Dungeon Overview and Level Annotations

Branches:
Dungeon (15/15)            Temple (0/1) D:5            Lair (6/6) D:9
  Swamp (4/4) Lair:4        Snake (4/4) Lair:2        Slime (5/5) Lair:6
    Orc (2/2) D:10            Elf (3/3) Orc:2        Vaults (5/5) D:13
  Crypt (3/3) Vaults:2       Tomb (0/3) Crypt:3      Depths (5/5) D:15
    Zot (5/5) Depths:5

Altars:
Dithmenos
Elyvilon
Fedhas
Makhleb
Okawaru
Sif Muna
Trog
Uskayaw
Vehumet
Xom
Zin
The Shining One
Jiyva

Shops:
D:4 *   Orc:2 *([:   Snake:1 *(*=   Snake:3 =   Vaults:5 ?%?   Depths:3 }=}
Depths:4 !*!

Portals:
Hell: Depths:1 Depths:2 Depths:3 Depths:4 Depths:5
Abyss: Depths:1 Depths:5
Pandemonium: Depths:3 Depths:4 Depths:5
Ziggurat: Depths:3

Annotations:
D:11 exclusion: oklob plant
Lair:3 exclusion: oklob plant
Snake:4 3 runed translucent doors, ohad's ghost, adept GrEE
Elf:3 EWolf's ghost, adept MiFi
Vaults:4 3 runed translucent doors, asdu's ghost, adept DgFE
Depths:2 Mara


   Skills:
 + Level 23.1 Fighting
 + Level 19.4 Short Blades
 + Level 20.1 Long Blades
 + Level 19.4 Axes
 + Level 19.4 Maces & Flails
 + Level 19.4 Polearms
 + Level 19.4 Staves
 + Level 19.4 Slings
 + Level 19.4 Bows
 + Level 19.4 Crossbows
 + Level 19.7 Throwing
 + Level 19.4 Armour
 + Level 20.1 Dodging
 + Level 19.4 Stealth
 + Level 19.4 Shields
 + Level 19.4 Unarmed Combat
 + Level 19.4 Spellcasting
 + Level 16.7 Conjurations
 + Level 16.7 Hexes
 + Level 16.7 Charms
 + Level 16.7 Summonings
 + Level 16.7 Necromancy
 + Level 16.7 Translocations
 + Level 16.7 Transmutations
 + Level 16.7 Fire Magic
 + Level 16.7 Ice Magic
 + Level 16.7 Air Magic
 + Level 16.7 Earth Magic
 + Level 16.7 Poison Magic
 + Level 20.8 Invocations
 + Level 19.4 Evocations


You had 8 spell levels left.
You knew the following spells:

 Your Spells              Type           Power        Failure   Level  Hunger
a - Apportation           Tloc           ######       0%          1    None
b - Blink                 Tloc           N/A          1%          2    None
j - Aura of Abjuration    Summ           ######....   1%          5    #......
m - Deflect Missiles      Chrm/Air       ######....   2%          6    ####...
r - Regeneration          Chrm/Necr      ######....   1%          3    None
w - Passwall              Tmut/Erth      ######..     1%          2    None
A - Lesser Beckoning      Tloc           ######....   1%          3    None
B - Borgnjor's Vile Clut  Necr/Erth      ######....   1%          5    #......
C - Summon Mana Viper     Hex/Summ       ######..     1%          5    #......
D - Lee's Rapid Deconstr  Erth           ######....   1%          5    #......
E - Mephitic Cloud        Conj/Pois/Air  ######..     1%          3    None
F - Silence               Hex/Air        ######....   1%          5    #......
G - Airstrike             Air            ######....   1%          4    None
H - Summon Lightning Spi  Summ/Air       ######..     1%          4    None
J - Confuse               Hex            ######..     1%          3    None

Your spell library contained the following spells:

 Spells                   Type           Power        Failure   Level  Hunger
 Beastly Appendage        Tmut           ######       0%          1    None
 Confusing Touch          Hex            ######       0%          1    None
 Corona                   Hex            ######.      0%          1    None
 Flame Tongue             Conj/Fire      #####        0%          1    None
 Freeze                   Ice            ####         0%          1    None
 Infusion                 Chrm           ####         0%          1    None
 Magic Dart               Conj           ####         0%          1    None
 Sandblast                Erth           ######       0%          1    None
 Shock                    Conj/Air       ####         0%          1    None
 Sting                    Conj/Pois      ####         0%          1    None
 Summon Butterflies       Summ           ######..     0%          1    None
 Call Imp                 Summ           ######..     1%          2    None
 Ensorcelled Hibernation  Hex/Ice        ######       1%          2    None
 Poisonous Vapours        Pois/Air       ######       1%          2    None
 Shroud of Golubria       Chrm/Tloc      ######       1%          2    None
 Slow                     Hex            ######..     1%          2    None
 Song of Slaying          Chrm           ######..     1%          2    None
 Sticks to Snakes         Tmut           ######..     1%          2    None
 Swiftness                Chrm/Air       ######..     1%          2    None
 Throw Frost              Conj/Ice       ######       1%          2    None
 Conjure Flame            Conj/Fire      ######..     1%          3    None
 Dazzling Spray           Conj/Hex       ######       1%          3    None
 Gell's Gravitas          Tloc           ######....   1%          3    None
 Inner Flame              Hex/Fire       ######..     1%          3    None
 Ozocubu's Armour         Chrm/Ice       ######..     1%          3    None
 Portal Projectile        Hex/Tloc       ######       1%          3    None
 Recall                   Summ/Tloc      N/A          1%          3    None
 Spectral Weapon          Hex/Chrm       ######..     1%          3    None
 Spider Form              Tmut/Pois      ######....   1%          3    None
 Static Discharge         Conj/Air       ######..     1%          3    None
 Stone Arrow              Conj/Erth      ######       1%          3    None
 Tukima's Dance           Hex            ######..     1%          3    None
 Animate Dead             Necr           N/A          1%          4    None
 Cause Fear               Hex            ######....   1%          4    None
 Ice Form                 Ice/Tmut       ######..     1%          4    None
 Leda's Liquefaction      Hex/Erth       ######....   1%          4    None
 Olgreb's Toxic Radiance  Pois           ######..     1%          4    None
 Petrify                  Tmut/Erth      ######..     1%          4    None
 Summon Ice Beast         Ice/Summ       ######..     1%          4    None
 Throw Icicle             Conj/Ice       ######..     1%          4    None
 Alistair's Intoxication  Tmut/Pois      ######..     1%          5    #......
 Blade Hands              Tmut           ######....   1%          5    #......
 Bolt of Magma            Conj/Fire/Erth ######....   1%          5    #......
 Irradiate                Conj/Tmut      ######....   1%          5    #......
 Iskenderun's Battlesphe  Conj/Chrm      ######..     1%          5    #......
 Lightning Bolt           Conj/Air       ######....   1%          5    #......
 Metabolic Englaciation   Hex/Ice        ######....   1%          5    #......
 Summon Demon             Summ           ######....   1%          5    #......
 Summon Forest            Summ/Tloc      ######....   1%          5    #......
 Venom Bolt               Conj/Pois      ######....   1%          5    #......
 Yara's Violent Unravell  Hex/Tmut       ######....   1%          5    #......
 Bolt of Fire             Conj/Fire      ######....   2%          6    ####...
 Conjure Ball Lightning   Conj/Air       ######....   2%          6    ####...
 Darkness                 Hex            ######....   2%          6    ####...
 Death Channel            Necr           ######....   2%          6    ####...
 Freezing Cloud           Conj/Ice/Air   ######....   2%          6    ####...
 Hydra Form               Tmut           ######....   2%          6    ####...
 Invisibility             Hex            ######..     2%          6    ####...
 Iron Shot                Conj/Erth      ######....   2%          6    ####...
 Shadow Creatures         Summ           N/A          2%          6    ####...
 Simulacrum               Ice/Necr       ######....   2%          6    ####...
 Statue Form              Tmut/Erth      ######...    2%          6    ####...
 Dragon Form              Tmut           ######....   14%         7    ######.
 Orb of Destruction       Conj           ######....   14%         7    ######.
 Spellforged Servitor     Conj/Summ      ######....   14%         7    ######.
 Discord                  Hex            ######....   73%         8    #######
 Ignition                 Fire           ######....   73%         8    #######
 Shatter                  Erth           ######....   100%        9    #######
 Tornado                  Air            ######....   100%        9    #######

Action                   |  1- 3 |  4- 6 |  7- 9 | 10-12 | 13-15 | 16-18 | 19-21 | 22-24 | 25-27 || total
-------------------------+-------+-------+-------+-------+-------+-------+-------+-------+-------++-------
Melee: Long sword        |    90 |    99 |     7 |       |       |       |       |       |       ||   196
       Bite              |    10 |    15 |    47 |   145 |   286 |   338 |   328 |   369 |   692 ||  2230
       Punch             |     1 |       |       |       |       |       |     9 |       |       ||    10
       Whip              |       |       |   256 |   619 |       |       |       |       |       ||   875
       Scimitar          |       |       |       |   204 |  1479 |   340 |       |       |       ||  2023
       Double sword      |       |       |       |       |    27 |     6 |       |    15 |       ||    48
       Broad axe         |       |       |       |       |       |  1465 |  1477 |  1809 |  3322 ||  8073
       Triple sword      |       |       |       |       |       |       |   323 |       |       ||   323
       Headbutt          |       |       |       |       |       |       |       |       |    75 ||    75
Throw: Dart              |     4 |    20 |    28 |       |    15 |    12 |       |       |       ||    79
       Boomerang         |       |       |       |    30 |    42 |    90 |    31 |    19 |       ||   212
       Javelin           |       |       |       |     7 |    17 |       |       |       |    28 ||    52
       Throwing net      |       |       |       |       |       |       |       |       |     1 ||     1
 Cast: Confuse           |       |       |       |       |       |     4 |       |     8 |     1 ||    13
       Borgnjor's Vile C |       |       |       |       |       |     2 |       |     4 |       ||     6
       Lesser Beckoning  |       |       |       |       |       |     2 |    14 |    35 |    32 ||    83
       Blink             |       |       |       |       |       |     2 |       |     1 |     4 ||     7
       Apportation       |       |       |       |       |       |       |     2 |     1 |    42 ||    45
       Silence           |       |       |       |       |       |       |     1 |    22 |     5 ||    28
       Airstrike         |       |       |       |       |       |       |       |    10 |       ||    10
       Summon Mana Viper |       |       |       |       |       |       |       |     4 |    30 ||    34
       Mephitic Cloud    |       |       |       |       |       |       |       |     1 |       ||     1
       Lee's Rapid Decon |       |       |       |       |       |       |       |       |    16 ||    16
       Summon Lightning  |       |       |       |       |       |       |       |       |    12 ||    12
       Deflect Missiles  |       |       |       |       |       |       |       |       |    12 ||    12
       Aura of Abjuratio |       |       |       |       |       |       |       |       |     4 ||     4
       Passwall          |       |       |       |       |       |       |       |       |     4 ||     4
       Regeneration      |       |       |       |       |       |       |       |       |     3 ||     3
Invok: Lesser Servant of |       |       |       |     6 |    27 |    19 |    19 |     2 |       ||    73
       Minor Destruction |       |       |       |     4 |       |       |       |       |       ||     4
       Major Destruction |       |       |       |     1 |     7 |       |       |       |       ||     8
       Greater Servant o |       |       |       |       |       |     2 |     1 |     2 |     4 ||     9
 Abil: Evoke Invisibilit |       |       |       |       |       |       |     4 |     5 |       ||     9
Evoke: Wand              |       |     2 |     3 |    19 |    33 |    53 |     5 |    19 |    15 ||   149
       Phantom mirror    |       |       |       |       |     1 |       |       |       |       ||     1
       Phial of floods   |       |       |       |       |     1 |     3 |     4 |     1 |       ||     9
       Lightning rod     |       |       |       |       |       |    18 |    23 |    12 |     7 ||    60
       Box of beasts     |       |       |       |       |       |     1 |       |       |       ||     1
       Lamp of fire      |       |       |       |       |       |       |       |     3 |     7 ||    10
       Fan of gales      |       |       |       |       |       |       |       |       |     1 ||     1
  Use: Scroll            |     3 |     3 |     6 |    10 |    17 |    27 |     9 |    12 |    29 ||   116
       Potion            |       |       |       |     1 |     6 |     8 |    10 |    11 |    25 ||    61
 Stab: Paralysed         |       |     6 |     8 |    10 |    12 |       |       |       |       ||    36
       Confused          |       |       |       |     4 |       |     2 |       |       |     2 ||     8
       Distracted        |       |       |       |       |     5 |    15 |    10 |       |    28 ||    58
       Invisible         |       |       |       |       |       |       |    30 |    33 |       ||    63
       Sleeping          |       |       |       |       |       |       |     3 |     2 |     9 ||    14
       Held in net/web   |       |       |       |       |       |       |       |       |     4 ||     4
  Eat: Chunk             |     4 |     6 |    10 |    17 |    26 |     6 |    19 |    31 |    15 ||   134
       Ration            |       |       |       |     3 |     4 |    16 |     9 |     7 |    16 ||    55
Armor: Leather armour    |     3 |       |       |       |       |       |       |       |       ||     3
       Scale mail        |    11 |     4 |    24 |       |       |       |       |       |       ||    39
       Ring mail         |    17 |     9 |       |       |       |       |       |       |       ||    26
       Chain mail        |       |       |    22 |    26 |       |       |       |       |       ||    48
       Plate armour      |       |       |       |   225 |   490 |   796 |   646 |   533 |  1013 ||  3703
Dodge: Dodged            |    64 |    63 |   115 |   264 |   617 |  1165 |  1045 |  1317 |  2577 ||  7227
       Deflected         |       |       |       |       |       |       |       |       |    99 ||    99
Block: Shield            |       |       |    55 |   355 |   786 |   242 |       |       |       ||  1438
       Buckler           |       |       |       |       |       |   788 |   620 |   953 |  1456 ||  3817
       Reflection        |       |       |       |       |       |       |    39 |    26 |       ||    65
       Rpst.: Long sword |    24 |    21 |     2 |       |       |       |       |       |       ||    47
       Scimitar          |       |       |       |    27 |   155 |    43 |       |       |       ||   225
       Double sword      |       |       |       |       |     2 |       |       |     3 |       ||     5
       Triple sword      |       |       |       |       |       |       |    53 |       |       ||    53

Skill      XL: |  1  2  3  4  5  6  7  8  9 10 11 12 13 14 15 16 17 18 19 20 21 22 23 24 25 26 27 |
---------------+----------------------------------------------------------------------------------+-----
Invocations    | 1 2 3 4 5 6 7 8 9 10 11 12 13 14 15 16 17 18 20 | 20.8
Short Blades   | 1 2 3 4 5 6 7 8 9 10 11 12 13 14 15 16 19 | 19.4
Axes           | 1 2 3 4 5 6 7 8 9 10 11 12 13 14 15 16 19 | 19.4
Maces & Flails | 1 2 3 4 5 6 7 8 9 10 11 12 13 14 15 16 19 | 19.4
Polearms       | 1 2 3 4 5 6 7 8 9 10 11 12 13 14 15 16 19 | 19.4
Staves         | 1 2 3 4 5 6 7 8 9 10 11 12 13 14 15 16 19 | 19.4
Slings         | 1 2 3 4 5 6 7 8 9 10 11 12 13 14 15 16 19 | 19.4
Bows           | 1 2 3 4 5 6 7 8 9 10 11 12 13 14 15 16 19 | 19.4
Crossbows      | 1 2 3 4 5 6 7 8 9 10 11 12 13 14 15 16 19 | 19.4
Armour         | 1 2 3 4 5 6 7 8 9 10 11 12 13 14 15 16 19 | 19.4
Stealth        | 1 2 3 4 5 6 7 8 9 10 11 12 13 14 15 16 19 | 19.4
Shields        | 1 2 3 4 5 6 7 8 9 10 11 12 13 14 15 16 19 | 19.4
Unarmed Combat | 1 2 3 4 5 6 7 8 9 10 11 12 13 14 15 16 19 | 19.4
Spellcasting   | 1 2 3 4 5 6 7 8 9 10 11 12 13 14 15 16 19 | 19.4
Evocations     | 1 2 3 4 5 6 7 8 9 10 11 12 13 14 15 16 19 | 19.4
Conjurations   | 1 2 3 4 5 6 7 8 9 10 11 12 13 14 16 | 16.7
Hexes          | 1 2 3 4 5 6 7 8 9 10 11 12 13 14 16 | 16.7
Charms         | 1 2 3 4 5 6 7 8 9 10 11 12 13 14 16 | 16.7
Summonings     | 1 2 3 4 5 6 7 8 9 10 11 12 13 14 16 | 16.7
Necromancy     | 1 2 3 4 5 6 7 8 9 10 11 12 13 14 16 | 16.7
Translocations | 1 2 3 4 5 6 7 8 9 10 11 12 13 14 16 | 16.7
Transmutations | 1 2 3 4 5 6 7 8 9 10 11 12 13 14 16 | 16.7
Fire Magic     | 1 2 3 4 5 6 7 8 9 10 11 12 13 14 16 | 16.7
Ice Magic      | 1 2 3 4 5 6 7 8 9 10 11 12 13 14 16 | 16.7
Air Magic      | 1 2 3 4 5 6 7 8 9 10 11 12 13 14 16 | 16.7
Earth Magic    | 1 2 3 4 5 6 7 8 9 10 11 12 13 14 16 | 16.7
Poison Magic   | 1 2 3 4 5 6 7 8 9 10 11 12 13 14 16 | 16.7
Fighting       | 5 6 7 8 9 10 11 12 13 14 15 16 17 18 19 23 | 23.1
Long Blades    | 7 8 9 10 11 12 13 14 15 16 17 20 | 20.1
Throwing       | 5 6 7 8 9 10 11 12 13 14 15 16 17 19 | 19.7
Dodging        | 7 8 9 10 11 12 13 14 15 16 17 20 | 20.1

Inventory:

Hand Weapons
 a - a +9 broad axe of electrocution (weapon)
Missiles
 d - 12 throwing nets {!f}
 I - 31 javelins (quivered)
Armour
 b - a +2 pair of boots of running (worn)
 C - a +2 cloak of magic resistance (worn)
 K - the +1 pair of gloves of the Vestibule of Hell (worn) {+Blink rElec rN+++ Dex-4}
   (You found it on level 5 of the Vaults)

   It affects your dexterity (-4).
   It insulates you from electricity.
   It renders you almost immune to negative energy.
   It lets you blink.
 T - the +2 hat "Houdeud" (worn) {Int+7 Dex+3}
   (You found it on level 2 of the Vaults)

   It affects your intelligence (+7).
   It affects your dexterity (+3).
 V - a +10 plate armour of fire resistance (worn)
 W - a +3 buckler of protection (worn)
Jewellery
 o - the ring "Gakel" {-Tele rPois Dex+5}
   (You acquired it on level 2 of the Realm of Zot)

   [ring of poison resistance]

   It affects your dexterity (+5).
   It protects you from poison.
   It prevents most forms of teleportation.
 p - the ring "Pacw" {rN+ EV+2 Int+4 SInv}
   (You found it on level 2 of the Crypt)

   [ring of evasion]

   It affects your evasion (+2).
   It affects your intelligence (+4).
   It protects you from negative energy.
   It lets you see invisible.
 A - an uncursed ring of resist corrosion
 E - the ring "Ecov" (left hand) {rPois rC+ MR+}
   (You found it on level 3 of the Elven Halls)

   [ring of protection from cold]

   It protects you from cold.
   It protects you from poison.
   It affects your resistance to hostile enchantments.
 G - the ring of Phasing (right hand) {EV+8}
   (You bought it in a shop on level 3 of the Snake Pit)

   [ring of evasion]

   It affects your evasion (+8).
 L - an uncursed ring of protection from fire
 P - an amulet of guardian spirit (around neck)
Wands
 g - a wand of acid (24)
 x - a wand of clouds (12)
 J - a wand of iceblast (29)
 R - a wand of digging (28)
 X - a wand of paralysis (9)
 Y - a wand of enslavement (19)
Scrolls
 c - 16 scrolls of identify {@r3}
 k - a scroll of summoning
 l - 21 scrolls of teleportation {@r1}
 n - a scroll of fog
 t - 33 scrolls of remove curse {@r4}
 u - a scroll of holy word
 D - 5 scrolls of magic mapping
 Q - 2 scrolls of fear
Potions
 h - 5 potions of cancellation
 m - 4 potions of flight
 q - 14 potions of curing {@q2}
 r - 9 potions of heal wounds {@q1}
 s - 14 potions of mutation
 y - 2 potions of agility
 z - 6 potions of brilliance
 B - 2 potions of haste {@q4}
 F - 3 potions of might
 H - 5 potions of resistance
 N - 11 potions of berserk rage
 U - 5 potions of ambrosia
 Z - 6 potions of invisibility
Books
 M - a manual of Fighting
Miscellaneous
 i - 2 boxes of beasts
 j - a lightning rod (4/4)
 v - 5 phantom mirrors
 w - a lamp of fire
 O - a fan of gales (inert)
 S - a phial of floods
Comestibles
 f - 56 rations

#.# #.# ##.## #>#
#.#####...## #####
#.# #.#.........
#...###.#########
#.#.###...##
##.#†#.))).......#
#...# ##.###
...#.#...........#
##### #....
#.##+#.#..#††#...#
#.###
#....+..≈........#
#.#
#.####.8........@#
#.#
#....+..≈........#
#.#
####'#.#..#..#...#
#.# #.#...........#
#.# #'#...........#
#÷#
####.###.#########
##.## .....###.#
#...## .######..#
######### ##.#...
.######.##
#.......######.....#


There were no monsters in sight!

Vanquished Creatures
  the Royal Jelly (Slime:5)
  4 orbs of fire (Zot:5)
  The ghost of Azzok the Crack Shot, a master CeBe of the Shining One (Zot:2)
  5 ancient liches
  A juggernaut (Depths:4)
  9 Killer Klowns
  Saint Roka (Vaults:1)
  2 curse toes
  Nikola (Depths:1)
  13 golden dragons
  the Enchantress (Depths:1)
  4 bone dragons
  A Cloud Mage (WizLab)
  7 electric golems
  21 tentacled monstrosities
  5 liches
  25 Orb Guardians
  The ghost of Moutitz the Tortoise, an adept MiFi of the Shining One (Vaults:2)
  The ghost of Sewnetwi the Tortoise, an adept GrFi of Makhleb (Crypt:2)
  2 deep elf master archers (Elf:3)
  3 deep elf blademasters
  7 acid blobs (Slime:5)
  10 quicksilver dragons
  9 titans
  An Executioner (D:10)
  7 death cobs
  Gastronok (Lair:2)
  2 sphinxes
  2 thorn hunters
  2 ancient champions
  12 tengu reavers
  12 storm dragons
  16 shadow dragons
  12 azure jellies
  Donald (Vaults:2)
  8 draconian monks
  2 revenants
  Roxanne (Elf:2)
  4 nagarajas (Snake:4)
  18 frost giants
  A daeva (Zot:5)
  15 fire giants
  An iron dragon (Vaults:5)
  6 draconian knights
  8 deep elf sorcerers
  An emperor scorpion (shapeshifter) (Depths:2)
  6 draconian shifters
  11 draconian stormcallers
  5 ghost moths
  19 vault wardens
  A balrug (D:1)
  2 cacodemons (Vaults:2)
  7 deep elf elementalists
  7 draconian scorchers
  An orc warlord (Orc:2)
  2 curse skulls
  9 spriggan defenders
  17 ironheart preservers
  27 very ugly things
  10 green draconians
  5 ghouls
  7 draconian annihilators
  5 war gargoyles
  4 entropy weavers
  22 stone giants
  A blood saint (D:1)
  7 deep elf demonologists
  4 vampire knights
  3 spark wasps
  11 red draconians
  10 yellow draconians
  8 deep elf annihilators
  16 purple draconians
  10 black draconians
  19 white draconians
  A merfolk javelineer (Depths:1)
  4 eidola
  7 deep elf death magi
  A green death (Depths:5)
  7 blizzard demons
  16 ettins
  A merfolk impaler (Depths:1)
  4 death oozes (Slime:5)
  An ettin (shapeshifter) (Vaults:5)
  A spectral golden dragon (Zot:2)
  A spectral quicksilver dragon (Zot:2)
  7 deep elf high priests
  16 yaktaur captains
  3 jiangshi
  6 fire dragons
  Harold (Lair:2)
  8 ice dragons
  11 great orbs of eyes
  A monstrous demonspawn (Depths:5)
  4 ghost crabs
  34 vault guards
  4 hydras
  14 naga warriors
  8 rakshasas
  3 death knights
  A shambling mangrove (Swamp:3)
  2 spectral draconians (Zot:2)
  A catoblepas (Lair:6)
  8 spriggan air magi
  6 centaur warriors
  A satyr (D:13)
  29 two-headed ogres
  22 dancing weapons
  10 deep troll shamans
  12 ogre magi
  A queen ant (shapeshifter) (Vaults:5)
  6 alligators
  A death yak (IceCv)
  A queen ant (Lair:6)
  7 anacondas
  4 hell hogs (Depths:1)
  5 deep troll earth magi
  2 orc high priests
  18 naga sharpshooters
  6 vampire magi
  6 tengu warriors
  12 shock serpents
  3 spriggan berserkers
  29 deep elf knights
  4 hell knights
  3 soul eaters
  Nergalle (D:10)
  5 shadow wraiths
  A spectral black draconian (Zot:2)
  15 skeletal warriors
  A salamander mystic (Snake:3)
  4 iron trolls
  6 glowing orange brains
  A titan skeleton (Crypt:3)
  3 unseen horrors
  2 spectral ghost moths (Zot:2)
  4 spriggan druids
  2 golden dragon zombies (Crypt:1)
  A death drake (WizLab)
  2 swamp dragons
  14 flayed ghosts
  4 wizards
  An infernal demonspawn (D:1)
  28 deep trolls
  5 harpies
  A tengu zombie (Depths:4)
  19 deep elf archers
  14 naga ritualists
  Pikel (D:4)
  A lindwurm (WizLab)
  13 necromancers
  18 phantasmal warriors
  A harpy (shapeshifter) (Vaults:5)
  12 ironbrand convokers
  16 mana vipers
  An iron dragon zombie (Crypt:1)
  A golden dragon skeleton (Crypt:1)
  65 deep elf magi
  16 orc knights
  44 ugly things
  2 wolf spider zombies
  A shadow dragon skeleton (Crypt:1)
  2 stone giant zombies
  5 wolf spiders
  7 orc sorcerers
  3 cyclopes
  11 salamanders
  3 manticores (D:14)
  3 human skeletons (Vaults:1)
  2 iron dragon skeletons
  34 moths of wrath
  A frost giant zombie (Crypt:3)
  9 fire giant skeletons (Crypt:3)
  Maurice (D:8)
  A cyclops (shapeshifter) (Depths:2)
  2 toenail golems (Volcano)
  7 guardian serpents
  A molten gargoyle (D:14)
  8 elephants
  6 vault sentinels
  An ice statue (IceCv)
  An apocalypse crab (WizLab)
  22 naga magi
  An eye of devastation (Slime:2)
  61 black mambas
  An orange demon (Depths:5)
  3 storm dragon simulacra (Zot:2)
  A stone giant skeleton (Vaults:5)
  2 frost giant skeletons (Depths:3)
  A red draconian zombie (Crypt:2)
  A spiny frog (shapeshifter) (Vaults:1)
  5 gargoyles
  3 rime drakes
  An eye of devastation (shapeshifter) (Vaults:5)
  An alligator snapping turtle skeleton (Crypt:1)
  2 catoblepas zombies
  23 spiny frogs
  12 freezing wraiths
  40 yaktaurs
  An efreet (D:14)
  2 ice devils (D:13)
  A yaktaur zombie (Vaults:1)
  10 komodo dragons
  A hellwing (Depths:5)
  A yaktaur skeleton (Vaults:1)
  A hydra zombie (Crypt:3)
  A harpy zombie (Crypt:3)
  7 tyrant leeches
  A wolf spider simulacrum (Crypt:1)
  8 trolls
  3 wind drakes (WizLab)
  15 polar bears
  A dream sheep (shapeshifter) (Vaults:2)
  23 hornets
  40 slime creatures
  A blink frog (shapeshifter) (Vaults:2)
  35 blink frogs
  15 dream sheep
  A shadow dragon simulacrum (Depths:4)
  An ettin zombie (Vaults:5)
  7 bog bodies
  A draconian simulacrum (Zot:2)
  2 fire giant simulacra (Depths:3)
  9 hippogriffs
  A frost giant simulacrum (Depths:4)
  11 air elementals
  A centaur simulacrum (D:15)
  3 flying skulls (Crypt:1)
  A hippogriff (shapeshifter) (Vaults:3)
  A redback (shapeshifter) (Vaults:1)
  A dire elephant simulacrum (Crypt:1)
  An ettin skeleton (Crypt:3)
  2 large abominations (D:10)
  3 redbacks
  A tarantella (shapeshifter) (Vaults:3)
  5 vampires
  8 fire dragon skeletons (Crypt:3)
  Sigmund (D:4)
  2 tarantellas
  2 wyverns
  31 yaks
  37 spriggans
  10 water elementals
  5 wraiths
  8 shadows
  A wind drake zombie (Crypt:2)
  A basilisk (Lair:4)
  A black mamba skeleton (Crypt:2)
  9 fire elementals
  A spriggan simulacrum (Depths:4)
  4 hungry ghosts
  2 hogs (shapeshifter)
  16 vampire mosquitoes
  A purple draconian simulacrum (Crypt:2)
  4 swamp worm simulacra (Swamp:4)
  A wind drake skeleton (Crypt:1)
  14 swamp worms
  Menkaure (D:4)
  56 nagas
  A yaktaur simulacrum (Vaults:1)
  A gelid demonspawn zombie (Crypt:1)
  A human zombie (Depths:4)
  13 hydra simulacra (Swamp:4)
  7 wargs
  8 hell hounds
  15 water moccasins
  16 soldier ants
  3 acid dragons
  6 porcupines
  A floating eye (shapeshifter) (Vaults:1)
  2 moth of wrath simulacra (Zot:2)
  A dream sheep zombie (Crypt:2)
  A swamp drake (shapeshifter) (Vaults:5)
  3 ice beasts
  2 sky beasts
  A spiny frog skeleton (Crypt:1)
  A small abomination (Depths:4)
  8 swamp drakes
  51 orc warriors
  2 slaves (D:3)
  A swamp dragon zombie (Crypt:2)
  A black bear (D:12)
  4 eyes of draining
  A hornet zombie (D:9)
  A hog zombie (Crypt:2)
  3 phantoms
  A snapping turtle zombie (Crypt:3)
  3 necrophages
  17 wolves
  A manticore zombie (Crypt:3)
  43 ogres
  A wolf (shapeshifter) (Vaults:5)
  A dream sheep skeleton (Crypt:1)
  15 boggarts
  27 centaurs
  A snapping turtle skeleton (Crypt:3)
  A swamp dragon skeleton (Crypt:1)
  9 crocodiles
  4 big kobolds
  3 earth elementals
  A wyvern zombie (D:12)
  22 bullfrogs
  A cyclops zombie (Crypt:1)
  A gnoll sergeant (D:10)
  A draconian skeleton (Crypt:2)
  2 wyvern skeletons
  A water moccasin skeleton (D:5)
  A scorpion (D:8)
  A warg skeleton (Crypt:1)
  2 killer bees
  A troll skeleton (Crypt:1)
  5 howler monkeys
  11 wights
  An electric eel (D:13)
  9 crimson imps
  3 jellies
  A bullfrog zombie (D:13)
  2 centaur zombies
  4 hounds
  24 orc priests
  26 orc wizards
  5 bullfrog skeletons
  4 centaur skeletons
  34 worker ants
  5 iguanas
  Ijyb (D:3)
  7 hell rats (Lair:4)
  A demigod zombie (Crypt:1)
  A naga zombie (Crypt:2)
  A human simulacrum (Crypt:1)
  A crocodile skeleton (Crypt:1)
  A hound zombie (Crypt:2)
  A hound skeleton (D:11)
  13 adders
  8 gnolls
  2 river rats
  A steam dragon skeleton (Crypt:2)
  5 shadow imps
  2 oozes
  3 swamp drake simulacra (Swamp:4)
  An adder skeleton (D:6)
  An adder zombie (D:9)
  A worm (D:4)
  2 dart slugs (D:3)
  4 leopard geckos
  108 orcs
  11 bats
  A giant cockroach (D:7)
  10 goblins
  4 hobgoblins
  10 jackals
  8 quokkas
  A ball python (D:5)
  4 frilled lizards
  A giant cockroach zombie (D:6)
  A goblin skeleton (Crypt:1)
  A hobgoblin zombie (Crypt:2)
  11 kobolds
  A kobold (shapeshifter) (Vaults:2)
  A leopard gecko zombie (D:7)
  A quokka skeleton (D:5)
  7 rats
  5 briar patches (Swamp:4)
  A butterfly (D:7)
  2 crawling corpses (Vaults:5)
  3 fungi
  A plant (Lair:4)
2637 creatures vanquished.

Vanquished Creatures (collateral kills)
  An orb of fire (Zot:4)
  An ancient lich (Zot:5)
  Sojobo (Vaults:2)
  A Killer Klown (Zot:2)
  Bai Suzhen (Swamp:3)
  An Orb Guardian (Zot:5)
  A thorn hunter (Swamp:3)
  2 shadow dragons
  2 nagarajas
  A fire giant (Vaults:5)
  A deep elf sorcerer (Vaults:2)
  A draconian scorcher (Zot:4)
  2 very ugly things
  A reaper (Crypt:2)
  5 ironheart preservers
  A red draconian (Zot:4)
  A great orb of eyes (Vaults:1)
  The ghost of Azzok the Markscentaur, a journeyman CeBe of Trog (D:11)
  4 naga warriors
  A yaktaur captain (Vaults:2)
  7 hydras
  A two-headed ogre (D:14)
  2 shambling mangroves
  A spriggan air mage (WizLab)
  An alligator (Swamp:3)
  A death yak (IceCv)
  A dancing weapon (Elf:3)
  A centaur warrior (Vaults:1)
  2 naga sharpshooters
  A tengu warrior (D:13)
  A shock serpent (Snake:2)
  A spectral red draconian (Zot:2)
  A shadow wraith (Crypt:2)
  2 deep trolls
  5 wizards
  A swamp dragon (Swamp:3)
  A skeletal warrior (D:13)
  2 deep elf archers
  2 ironbrand convokers (Vaults:1)
  A glowing orange brain (Vaults:2)
  2 deep elf magi
  An orb spider (shapeshifter) (Vaults:2)
  An orc sorcerer (Orc:2)
  A shining eye (Slime:1)
  2 ugly things
  3 toenail golems (Volcano)
  2 vault sentinels
  An apocalypse crab (WizLab)
  A black mamba (Snake:2)
  3 naga magi (Snake:4)
  4 spiny frogs
  A rime drake (IceCv)
  A komodo dragon (Lair:1)
  4 blink frogs
  A harpy zombie (D:14)
  A tengu conjurer (D:13)
  A tyrant leech (Swamp:3)
  2 spectral moths of wrath (Zot:2)
  4 slime creatures (Swamp:3)
  5 hornets
  2 bog bodies
  7 dream sheep (Lair:4)
  A yak (shapeshifter) (Vaults:2)
  4 spriggans
  A water elemental (D:13)
  A human (shapeshifter) (Vaults:2)
  A swamp worm simulacrum (Swamp:4)
  3 vampire mosquitoes (Swamp:3)
  A naga (Snake:4)
  4 swamp worms
  An orc warrior (Orc:2)
  A swamp drake (Swamp:3)
  A swamp drake (shapeshifter) (Vaults:2)
  An ogre (shapeshifter) (Vaults:2)
  2 ogres
  An eye of draining (Slime:5)
  2 wolves (IceCv)
  A centaur (Vaults:1)
  2 bullfrogs (Lair:6)
  An electric eel (D:13)
  A river rat (shapeshifter) (Vaults:2)
  3 orcs
148 creatures vanquished.

Vanquished Creatures (others)
  A lich (Zot:1)
  A death cob (Zot:4)
  A shadow dragon (Depths:5)
  A vampire knight (Depths:4)
  A green draconian (Zot:3)
  3 dancing weapons (Elf:2)
  A deep elf knight (Elf:1)
  2 deep trolls (Vaults:5)
  A wizard (Volcano)
  A deep elf mage (Elf:1)
  2 ugly things (D:14)
  A black mamba (Lair:4)
  A vault sentinel (Vaults:4)
  2 yaktaurs
  4 polar bears (IceCv)
  A blink frog (Lair:1)
  5 slime creatures (Swamp:4)
  A hippogriff (shapeshifter) (Depths:2)
  A dream sheep (Lair:4)
  A naga (Snake:3)
  A swamp worm (Swamp:4)
  A floating eye (shapeshifter) (Zot:1)
  An ogre (Vaults:2)
  2 wolves (IceCv)
  A centaur (Vaults:1)
  An orc wizard (Vaults:4)
  2 briar patches (Swamp:2)
  28 fungi
  201 plants
  3 toadstools (Depths:1)
273 creatures vanquished.

Grand Total: 3058 creatures vanquished

Levels and vault maps discovered:
D:1:      shiori_arrival_oz, layout_loops_corners, hangedman_feature_mirror,
          minmay_crystal_room
D:2:      layout_loops_ring, overflow_temple_1_default, led_sif_pool,
          gammafunk_temple_overflow_pools, serial_co_window_serial,
          co_window_cross_1, co_window_paths_b, co_window_corner_a,
          co_window_paths_a, co_window_paths_a, co_window_unsneaky_path_a,
          co_window_2corner, co_window_corner_cb, co_window_corner_b,
          co_window_corner_b, co_window_sun, glass_columns_b,
          minmay_misc_feat_plants, xom_teletrap_fun
D:3:      layout_loops_ring, fedhas_altar_4, first_ration, uniq_ijyb
D:4:      layout_rooms, nicolae_overflow_crystal_walls, serial_shops,
          nicolae_shop_overgrown_old_shop, uniq_pikel, uniq_sigmund,
          uniq_menkaure
D:5:      layout_basic, minmay_temple_entry_trees, serial_aquarium,
          aquarium_bridge_square [aquarium_subvault_bridge,
          aquarium_subvault_window, aquarium_subvault_window,
          aquarium_subvault_window], aquarium_window_1, aquarium_window_corner,
          aquarium_window_fake, aquarium_window_2, aquarium_view_2c,
          aquarium_balcony_1b, aquarium_pool_side,
          minmay_a_box_with_orc_wizards_in_it
D:6:      layout_layer_cave, okawaru_metal_pillars_3
D:7:      layout_loops_corners, lemuel_crystal_altar, the_bakery,
          hangedman_glass_garden
D:8:      layout_loops_cross, overflow_temple_1_default, uniq_maurice
D:9:      layout_gridville, lair_entry_dummy, basic_altar, grunt_dithmenos_smoke
D:10:     layout_loops_cross, david_orc_3, tso_altar, uniq_nergalle
D:11:     layout_roguey, ebering_ghost_disaster_area, gauntlet_entry_generic,
          grunt_ministairs_3, lemuel_oklob_altar
D:12:     layout_basic, enter_bailey_2
D:13:     layout_basic, erik_vaults_2, portal_ice_cave_demonic_guard
D:14:     layout_stronghold, nicolae_lava_and_water, kennysheep_generic_room_8
D:15:     grunt_enter_depths_magical_seal, layout_rooms, eino_curves_01
Lair:1:   layout_loops_ring, eino_small_chamber_without_monster
Lair:2:   layout_loops_ring, minmay_snake_entry_guardpost_small, uniq_harold,
          uniq_gastronok
Lair:3:   layout_loops_ring, grunt_megastairs_4, minmay_lair_oklob_chamber,
          serial_bayou_shore_b
Lair:4:   layout_concentric_octagons, minmay_swamp_entry_reptiles, minivault_11,
          pond, serial_bayou_shore_b, grunt_megastairs_2
Lair:5:   layout_regular_city
Lair:6:   minmay_lair_end_frog_pond, layout_regular_city, slime_altar_1,
          lightli_volcano_entry_magma_tube, nicolae_quartered_pool_super,
          chequers_serial_rivers_micro_b, zaba_antful_of_joy, lemuel_fruit_tree
Swamp:1:  layout_basic_swamp, evilmike_swamp_ruin_house_4
Swamp:2:  layout_falls_marsh, hangedman_swamp_ruin_wall
Swamp:3:  layout_basic_swamp, evilmike_swamp_ruin_rubble_1, swamp_pool4,
          cheibrodos_swamp_slimy, infiniplex_staircase_pool_2, uniq_bai_suzhen
Swamp:4:  swamp_icy, layout_basic_swamp, swamp_pool3
Snake:1:  layout_onion, minmay_shoptagon
Snake:2:  layout_gridlike, drop_trap, hangedman_snake_corridor_split
Snake:3:  hangedman_cross_veins, layout_misc_corridors, serial_shops, shop,
          evilmike_ambush [evilmike_ambush_outer_doors,
          evilmike_ambush_inner_cross]
Snake:4:  snake_pit, layout_onion, ebering_ghost_rock_garden
Slime:1:  nicolae_slime_jelly_donut, layout_caves
Slime:2:  layout_caves, cheibrodos_slime_lost_civilization_4
Slime:3:  layout_caves, nicolae_slime_phagocytosis
Slime:4:  layout_caves, cheibrodos_slime_lost_civilization_5
Slime:5
Orc:1:    layout_caves
Orc:2:    grunt_orc_gardens, layout_diamond_mine, grunt_orc_garden,
          grunt_orc_garden, grunt_orc_garden, grunt_orc_garden
Elf:1:    layout_gridlike, minmay_elf_annihilation
Elf:2:    layout_rooms, uniq_roxanne
Elf:3:    grunt_elf_hall_asides, layout_onion_city,
          gammafunk_ghost_wrathful_warriors, grunt_ministairs_6
Vaults:1: st_octagons_1, ontoclasm_vaults_claustrophobia,
          hangedman_vaults_cutoff, hangedman_vaults_pinch,
          hangedman_vaults_variations, ontoclasm_vaults_bender,
          vaults_room_pools, vaults_mumra_chevron_long, hangedman_vaults_trim,
          nicolae_vaults_little_squares_4, vaults_room_pools,
          nicolae_vaults_hallways_thing, v_misc_1, ontoclasm_vaults_fault,
          layout_vaults_omnibox, uniq_saint_roka
Vaults:2: ploomutoo_gammafunk_vaults_ghost_potion_laboratory,
          minmay_crypt_entry_nasty_monster, vaults_room_boxed,
          vaults_standard_mumra_enter_the_diamond,
          vaults_room_grunt_arrival_ludios, nicolae_vaults_yaktaur_gun_rack,
          hangedman_vaults_maws, hangedman_vaults_stream,
          ontoclasm_vaults_tryst, vaults_dpeg_diagonal,
          nicolae_vaults_gold_heap, layout_vaults_quadrants, uniq_sojobo,
          uniq_donald
Vaults:3: nicolae_vaults_alarming, nicolae_vaults_network_quinsquares
          [nicolae_vaults_network_quincunx_subvault,
          nicolae_vaults_network_quincunx_subvault,
          nicolae_vaults_network_quincunx_subvault,
          nicolae_vaults_network_quincunx_subvault], vaults_room_fours,
          nicolae_vaults_three_branches, v_misc_14, vaults_standard_mumra_x,
          vaults_room_large_hall, v_misc_11, nicolae_vaults_little_squares_4,
          vaults_dpeg_hooks, vaults_dpeg_ring, ontoclasm_vaults_pinch,
          layout_vaults_big_room
Vaults:4: gammafunk_vaults_ghost_necromancy, v_misc_12,
          grunt_vaults_hallway_short, ontoclasm_vaults_ring_large, v_pattern_1,
          nicolae_vaults_network_periphery, v_misc_27, vaults_room_ringed_pool,
          vaults_room_stairs_pillars, vaults_room_large_hall, v_misc_12,
          grunt_vaults_hallway_long, layout_vaults_ring, basic_altar
Vaults:5: serial_shops
Crypt:1:  layout_misc_corridors, grunt_megastairs_1, grunt_crypt_arrival_webbed
Crypt:2:  layout_misc_corridors, gammafunk_ghost_split,
          serial_sigils_hangedman_shear
Crypt:3:  quadcrypt_mu
Depths:1: layout_cave_pools, grunt_hell_horde, abyss_entry, minmay_holes,
          minmay_gold_behind_fungi, hex_medium, st_stairs_10,
          minmay_misc_feat_tiny, grunt_decor_mini_mirrors,
          kennysheep_generic_room_5, uniq_nikola, uniq_enchantress
Depths:2: four-leaf_vault, layout_cave_shapes, hangedman_abyss_or_decor_slice,
          hell_entry, infiniplex_staircase_pool_1, uniq_mara
Depths:3: minmay_spriggan_fort, layout_twisted_cross, enter_ziggurat_d,
          pan_entry, kennysheep_minor_cross, hell_entry, firewood_loft,
          minmay_shop_grove
Depths:4: minmay_glassy_protrusions, layout_small_grid,
          chequers_serial_rivers_small_3, marbit_kobold_abyss_entry,
          pf_coc_iceberg, serial_shops, shop, pan_entry, minmay_shop_star
Depths:5: evilmike_zot_entry_argh, layout_gridlike,
          chequers_serial_rivers_micro_c, mu_enter_wizlab_2,
          rand_demon_pan_entry_5, abyss_entry, hell_entry
Zot:1:    hangedman_zot_vaults_quadrants, layout_concentric_octagons,
          hangedman_zot_decor_tridents, st_stairs_12
Zot:2:    layout_onion_interference, gammafunk_ghost_necromancy,
          lemuel_golem_globe
Zot:3:    layout_basic
Zot:4:    layout_twisted_circle, zot_minivault_2
Zot:5:    layout_twisted_circle


Message History

You kill the hell hound!
Makhleb accepts your kill.
You slash the hell hound!
The hell hound bites you but does no damage.
You completely miss the hell hound.
You headbutt the hell hound, but do no damage.
You bite the hell hound.
The hell hound is heavily wounded.
The hell hound completely misses you.
You hit the hell hound.
The hell hound is severely wounded.
The hell hound closely misses you.
You slash the hell hound!
You kill the hell hound!
Makhleb accepts your kill.
No target in view!
Things that are here:
a hell hound corpse x2
There is a staircase leading out of the dungeon here.
You have escaped!

Notes
Turn   | Place    | Note
-------+----------+-------------------------------------------
     0 | D:1      | bmfx the Gnoll Gladiator began the quest for the Orb.
     0 | D:1      | Reached XP level 1. HP: 20/20 MP: 1/1
   205 | D:1      | Reached XP level 2. HP: 18/26 MP: 2/2
  1146 | D:2      | Found a shimmering altar of Xom.
  1163 | D:2      | Found a glowing golden altar of the Shining One.
  1182 | D:2      | Found a burning altar of Makhleb.
  1182 | D:2      | Found a radiant altar of Vehumet.
  1189 | D:2      | Reached XP level 3. HP: 27/31 MP: 3/3
  1236 | D:2      | Became a worshipper of Makhleb the Destroyer
  1671 | D:2      | Found a deep blue altar of Sif Muna.
  1705 | D:2      | Reached skill level 1 in Invocations
  2232 | D:3      | Reached skill level 1 in Short Blades
  2232 | D:3      | Reached skill level 1 in Axes
  2232 | D:3      | Reached skill level 1 in Maces & Flails
  2232 | D:3      | Reached skill level 1 in Polearms
  2232 | D:3      | Reached skill level 1 in Staves
  2232 | D:3      | Reached skill level 1 in Slings
  2232 | D:3      | Reached skill level 1 in Bows
  2232 | D:3      | Reached skill level 1 in Crossbows
  2232 | D:3      | Reached skill level 1 in Armour
  2232 | D:3      | Reached skill level 1 in Stealth
  2232 | D:3      | Reached skill level 1 in Shields
  2232 | D:3      | Reached skill level 1 in Unarmed Combat
  2232 | D:3      | Reached skill level 1 in Spellcasting
  2232 | D:3      | Reached skill level 1 in Evocations
  2306 | D:3      | Reached XP level 4. HP: 38/38 MP: 5/5
  2449 | D:3      | Noticed a centaur
  2461 | D:3      | Killed a centaur
  2461 | D:3      | Reached skill level 1 in Conjurations
  2461 | D:3      | Reached skill level 1 in Hexes
  2461 | D:3      | Reached skill level 1 in Charms
  2461 | D:3      | Reached skill level 1 in Summonings
  2461 | D:3      | Reached skill level 1 in Necromancy
  2461 | D:3      | Reached skill level 1 in Translocations
  2461 | D:3      | Reached skill level 1 in Transmutations
  2461 | D:3      | Reached skill level 1 in Fire Magic
  2461 | D:3      | Reached skill level 1 in Ice Magic
  2461 | D:3      | Reached skill level 1 in Air Magic
  2461 | D:3      | Reached skill level 1 in Earth Magic
  2461 | D:3      | Reached skill level 1 in Poison Magic
  2461 | D:3      | Reached XP level 5. HP: 24/43 MP: 5/7
  3171 | D:3      | Reached XP level 6. HP: 50/50 MP: 8/8
  3192 | D:3      | Reached * piety under Makhleb
  3307 | D:3      | Noticed Ijyb
  3317 | D:3      | Paralysed by Ijyb for 4 turns
  3328 | D:3      | Killed Ijyb
  3543 | D:3      | Found a blossoming altar of Fedhas.
  3640 | D:3      | Learned a level 3 spell: Confuse
  3710 | D:4      | Found a shadowy altar of Dithmenos.
  3801 | D:4      | Noticed a slave
  3803 | D:4      | Noticed Pikel
  3844 | D:3      | Killed a slave
  3943 | D:4      | Noticed a slave
  3963 | D:3      | Killed a slave
  4000 | D:4      | Noticed a slave
  4026 | D:4      | Killed Pikel
  4026 | D:4      | Reached skill level 5 in Fighting
  4026 | D:4      | Reached skill level 5 in Throwing
  4026 | D:4      | Reached XP level 7. HP: 56/56 MP: 8/10
  4064 | D:4      | Noticed Menkaure
  4079 | D:4      | Killed Menkaure
  4079 | D:4      | Reached XP level 8. HP: 63/63 MP: 10/12
  4413 | D:4      | Found Fysomuwi's Assorted Antiques.
  4419 | D:4      | Noticed Sigmund
  4420 | D:4      | Bought a viscous pink potion for 15 gold pieces
  4420 | D:4      | Bought a lumpy red potion for 15 gold pieces
  4420 | D:4      | Bought a scroll labeled RUUTIAZESO for 17 gold pieces
  4420 | D:4      | Bought an encrusted marble ring for 85 gold pieces
  4438 | D:4      | Killed Sigmund
  4695 | D:5      | Entered Level 5 of the Dungeon
  4722 | D:5      | Learned a level 2 spell: Blink
  4832 | D:5      | Reached ** piety under Makhleb
  4957 | D:5      | Found a staircase to the Ecumenical Temple.
  5629 | D:6      | Found an iron altar of Okawaru.
  5695 | D:6      | Reached XP level 9. HP: 69/69 MP: 14/14
  5797 | D:6      | Reached skill level 6 in Fighting
  6698 | D:7      | Noticed a hornet
  6701 | D:7      | Killed a hornet
  6770 | D:7      | Found a white marble altar of Elyvilon.
  7155 | D:7      | Reached *** piety under Makhleb
  7159 | D:7      | Reached skill level 5 in Invocations
  7258 | D:7      | Reached XP level 10. HP: 77/77 MP: 15/17
  8068 | D:8      | Found a hide-covered altar of Uskayaw.
  8158 | D:8      | Reached skill level 5 in Short Blades
  8158 | D:8      | Reached skill level 5 in Axes
  8158 | D:8      | Reached skill level 5 in Maces & Flails
  8158 | D:8      | Reached skill level 5 in Polearms
  8158 | D:8      | Reached skill level 5 in Staves
  8158 | D:8      | Reached skill level 5 in Slings
  8158 | D:8      | Reached skill level 5 in Bows
  8158 | D:8      | Reached skill level 5 in Crossbows
  8158 | D:8      | Reached skill level 5 in Armour
  8158 | D:8      | Reached skill level 5 in Stealth
  8158 | D:8      | Reached skill level 5 in Shields
  8158 | D:8      | Reached skill level 5 in Unarmed Combat
  8158 | D:8      | Reached skill level 5 in Spellcasting
  8158 | D:8      | Reached skill level 5 in Evocations
  8197 | D:8      | Noticed Maurice
  8292 | D:8      | You fall into a shaft and drop 2 floors!
  8292 | D:10     | Entered Level 10 of the Dungeon
  8400 | D:9      | Found a hide-covered altar of Uskayaw.
  8573 | D:10     | Reached skill level 7 in Fighting
  8678 | D:9      | Found a shadowy altar of Dithmenos.
  8734 | D:8      | Killed Maurice
  8761 | D:8      | Reached **** piety under Makhleb
  9302 | D:9      | Found a staircase to the Lair.
  9787 | D:10     | Reached XP level 11. HP: 84/84 MP: 19/19
 10013 | D:10     | Noticed a two-headed ogre
 10039 | D:10     | Killed a two-headed ogre
 10146 | D:10     | Noticed Nergalle
 10183 | D:10     | Killed Nergalle
 10183 | D:10     | Reached skill level 5 in Conjurations
 10183 | D:10     | Reached skill level 5 in Hexes
 10183 | D:10     | Reached skill level 5 in Charms
 10183 | D:10     | Reached skill level 5 in Summonings
 10183 | D:10     | Reached skill level 5 in Necromancy
 10183 | D:10     | Reached skill level 5 in Translocations
 10183 | D:10     | Reached skill level 5 in Transmutations
 10183 | D:10     | Reached skill level 5 in Fire Magic
 10183 | D:10     | Reached skill level 5 in Ice Magic
 10183 | D:10     | Reached skill level 5 in Air Magic
 10183 | D:10     | Reached skill level 5 in Earth Magic
 10183 | D:10     | Reached skill level 5 in Poison Magic
 10322 | D:10     | Found a staircase to the Orcish Mines.
 10482 | D:10     | Found a glowing golden altar of the Shining One.
 10655 | D:11     | Noticed a two-headed ogre
 10661 | D:11     | Killed a two-headed ogre
 10698 | D:11     | Found a gate leading to a gauntlet.
 10718 | Gauntlet | Entered a Gauntlet
 10718 | Gauntlet | Found a transporter.
 10718 | Gauntlet | Found a transporter.
 10719 | Gauntlet | Found a transporter.
 10719 | Gauntlet | Noticed a tengu warrior
 10720 | Gauntlet | Found a transporter.
 10721 | Gauntlet | Found a transporter.
 10723 | Gauntlet | Found a transporter.
 10727 | Gauntlet | Found a runed translucent door.
 10729 | Gauntlet | Found a runed translucent door.
 10731 | Gauntlet | Found a transporter.
 10731 | Gauntlet | Noticed a fire crab
 10732 | Gauntlet | Found a transporter.
 10733 | Gauntlet | Found a transporter.
 10734 | Gauntlet | Found a transporter.
 10742 | Gauntlet | Found a transporter.
 10743 | Gauntlet | Found a transporter.
 10753 | Gauntlet | Noticed an eight-headed hydra
 11072 | Lair:1   | Entered Level 1 of the Lair of Beasts
 11468 | Lair:1   | Reached skill level 8 in Fighting
 12335 | D:4      | Bought a large golden ring for 85 gold pieces
 13055 | Lair:1   | Reached XP level 12. HP: 87/93 MP: 22/22
 13101 | Lair:2   | Noticed a seven-headed hydra
 13110 | Lair:2   | Killed a seven-headed hydra
 13514 | Lair:2   | Found a staircase to the Snake Pit.
 13534 | Lair:2   | Noticed Harold
 13554 | Lair:2   | Killed Harold
 13582 | Lair:2   | Noticed Gastronok
 13921 | Lair:2   | Killed Gastronok
 14406 | Lair:3   | Learned a level 5 spell: Borgnjor's Vile Clutch
 14802 | Lair:3   | Reached skill level 10 in Long Blades
 14802 | Lair:3   | Reached skill level 10 in Dodging
 14802 | Lair:3   | Reached ***** piety under Makhleb
 14824 | Lair:3   | Reached skill level 9 in Fighting
 15397 | Lair:4   | Found a staircase to the Swamp.
 15397 | Lair:4   | Noticed a seven-headed hydra
 15409 | Lair:3   | Reached XP level 13. HP: 93/101 MP: 24/24
 17418 | Lair:6   | Entered Level 6 of the Lair of Beasts
 17627 | Lair:6   | Found a dark tunnel.
 17636 | Volcano  | Entered a volcano
 18275 | Lair:6   | Reached XP level 14. HP: 109/109 MP: 26/26
 18399 | Lair:5   | Reached skill level 10 in Fighting
 18399 | Lair:5   | Reached skill level 10 in Throwing
 18736 | Lair:6   | Found a viscous altar of Jiyva.
 18764 | Lair:6   | Identified a scroll of acquirement
 18765 | Lair:6   | Got a faintly glowing triple sword
 18838 | Lair:5   | Identified the +1 triple sword of bmfx's Misery {flame,
                  | rF+++ MR+++ Dex-5 Stlth-} (You acquired it on level 6 of
                  | the Lair of Beasts)
 19205 | Lair:6   | Reached skill level 10 in Invocations
 19443 | Lair:6   | Found a staircase to the Slime Pits.
 19827 | Lair:6   | Noticed an entropy weaver
 20220 | Lair:6   | Noticed an entropy weaver
 20229 | Lair:6   | Killed an entropy weaver
 20266 | Lair:6   | Killed an entropy weaver
 20546 | Lair:6   | Found a staircase to the Slime Pits.
 20575 | Lair:6   | Found a viscous altar of Jiyva.
 21888 | D:11     | Found a large runed translucent door.
 21888 | D:11     | Found a large runed translucent door.
 21888 | D:11     | Noticed Azzok's ghost (journeyman CeBe)
 21905 | D:11     | Found a glowing golden altar of the Shining One.
 22376 | D:12     | You fall into a shaft and drop 3 floors!
 22376 | D:15     | Entered Level 15 of the Dungeon
 22489 | D:14     | Reached XP level 15. HP: 86/117 MP: 28/28
 22689 | D:13     | Found a gate to the Vaults.
 23045 | D:13     | Found a frozen archway.
 23063 | IceCv    | Entered an ice cave
 23534 | IceCv    | Reached skill level 10 in Short Blades
 23534 | IceCv    | Reached skill level 10 in Axes
 23534 | IceCv    | Reached skill level 10 in Maces & Flails
 23534 | IceCv    | Reached skill level 10 in Polearms
 23534 | IceCv    | Reached skill level 10 in Staves
 23534 | IceCv    | Reached skill level 10 in Slings
 23534 | IceCv    | Reached skill level 10 in Bows
 23534 | IceCv    | Reached skill level 10 in Crossbows
 23534 | IceCv    | Reached skill level 10 in Armour
 23534 | IceCv    | Reached skill level 10 in Stealth
 23534 | IceCv    | Reached skill level 10 in Shields
 23534 | IceCv    | Reached skill level 10 in Unarmed Combat
 23534 | IceCv    | Reached skill level 10 in Spellcasting
 23534 | IceCv    | Reached skill level 10 in Evocations
 23647 | IceCv    | Noticed a frost giant
 23649 | IceCv    | meem: I am meem, an upgrade of beem built by MalcolmRose
                  | (check out Malcolm's DCSS vids and other projects at
                  | http://youtube.com/malcolmrosegaming). To have me follow
                  | you in your games, type !subscribemeem - to make me go away
                  | forever, type !quitmeem - For help, type: !meem
 23663 | IceCv    | Killed a frost giant
 23675 | IceCv    | Reached skill level 11 in Fighting
 24381 | D:12     | Got a shimmering robe
 26121 | D:14     | Reached ****** piety under Makhleb
 26472 | D:14     | Reached XP level 16. HP: 125/125 MP: 30/30
 26688 | D:15     | Identified the cursed +0 battleaxe of Indomitability {chop,
                  | Str+3} (You found it on level 15 of the Dungeon)
 26927 | D:15     | Found a staircase to the Depths.
 27239 | Orc:1    | Entered Level 1 of the Orcish Mines
 27537 | Orc:2    | Entered Level 2 of the Orcish Mines
 28006 | Orc:2    | Found Uramasue's Antique Weapon Shoppe.
 28008 | Orc:2    | Found Jallos's General Store.
 28078 | Orc:2    | Bought a potion of curing for 51 gold pieces
 28078 | Orc:2    | Found a staircase to the Elven Halls.
 28262 | Orc:2    | Bought a runed broad axe for 147 gold pieces
 28505 | Orc:2    | Found Bosm's Book Shoppe.
 28589 | Orc:2    | Found Zaquabreo's Antique Armour Shop.
 28597 | Orc:2    | Bought a pair of glowing gloves for 195 gold pieces
 28608 | Orc:2    | Bought a runed buckler for 195 gold pieces
 29114 | D:11     | Killed Azzok's ghost
 29303 | Swamp:1  | Entered Level 1 of the Swamp
 31387 | Swamp:2  | Noticed a thorn hunter
 31507 | Swamp:2  | Killed a thorn hunter
 32223 | Swamp:3  | Noticed Bai Suzhen
 32231 | Swamp:3  | Noticed a thorn hunter
 32237 | Swamp:3  | Killed Bai Suzhen
 32240 | Swamp:3  | Killed a thorn hunter
 32251 | Swamp:3  | Reached XP level 17. HP: 125/133 MP: 20/32
 32807 | Swamp:3  | Reached skill level 12 in Fighting
 33047 | Swamp:4  | Entered Level 4 of the Swamp
 33577 | Swamp:4  | Identified the +6 scale mail "Seqam" {rN+ Regen+ Int-4}
                  | (You found it on level 4 of the Swamp)
 33602 | Swamp:4  | Learned a level 5 spell: Aura of Abjuration
 33608 | Swamp:4  | Learned a level 5 spell: Summon Mana Viper
 34967 | Swamp:4  | Got a decaying rune of Zot
 35158 | Snake:1  | Entered Level 1 of the Snake Pit
 35933 | Snake:1  | Learned a level 1 spell: Apportation
 35937 | Snake:1  | Learned a level 3 spell: Lesser Beckoning
 36227 | Snake:1  | Found Saozuig's Jewellery Boutique.
 36227 | Snake:1  | Found Ujyg's General Store.
 36228 | Snake:1  | Found Zaus's Antique Weapon Shop.
 36232 | Snake:1  | Found Tysiph's General Store.
 36238 | Snake:1  | Bought a potion of agility for 60 gold pieces
 36238 | Snake:1  | Bought a potion of haste for 150 gold pieces
 36238 | Snake:1  | Bought a potion of curing for 45 gold pieces
 36238 | Snake:1  | Bought a scroll of enchant armour for 112 gold pieces
 36242 | Snake:1  | Bought a potion of curing for 45 gold pieces
 36242 | Snake:1  | Bought a potion of curing for 45 gold pieces
 36309 | Snake:1  | Bought an uncursed ring of protection from fire for 375
                  | gold pieces
 37997 | Snake:2  | Reached skill level 10 in Conjurations
 37997 | Snake:2  | Reached skill level 10 in Hexes
 37997 | Snake:2  | Reached skill level 10 in Charms
 37997 | Snake:2  | Reached skill level 10 in Summonings
 37997 | Snake:2  | Reached skill level 10 in Necromancy
 37997 | Snake:2  | Reached skill level 10 in Translocations
 37997 | Snake:2  | Reached skill level 10 in Transmutations
 37997 | Snake:2  | Reached skill level 10 in Fire Magic
 37997 | Snake:2  | Reached skill level 10 in Ice Magic
 37997 | Snake:2  | Reached skill level 10 in Air Magic
 37997 | Snake:2  | Reached skill level 10 in Earth Magic
 37997 | Snake:2  | Reached skill level 10 in Poison Magic
 38274 | Snake:2  | Reached XP level 18. HP: 141/141 MP: 29/33
 40829 | Snake:3  | Found Luropt's Jewellery Boutique.
 41806 | Snake:4  | Entered Level 4 of the Snake Pit
 41817 | Snake:4  | Found a runed translucent gate.
 41817 | Snake:4  | Found a runed translucent gate.
 41817 | Snake:4  | Found a runed translucent gate.
 41819 | Snake:4  | Noticed ohad's ghost (adept GrEE)
 42789 | Snake:4  | Reached skill level 13 in Fighting
 43427 | Snake:4  | Reached XP level 19. HP: 149/149 MP: 35/35
 44124 | Snake:4  | Got a serpentine rune of Zot
 44623 | Elf:1    | Entered Level 1 of the Elven Halls
 46143 | Elf:1    | Identified the Collected Works on Confrontation
 47009 | Elf:2    | Identified Roxanne's Compendium of Earth
 47009 | Elf:2    | Noticed Roxanne
 47335 | Elf:2    | Identified the +2 battleaxe of Salt {freeze, rPois Str+4
                  | Int+2}
 48264 | Elf:2    | Found a runed translucent gate.
 48264 | Elf:2    | Found a runed translucent gate.
 48264 | Elf:2    | Found a runed translucent gate.
 48321 | Elf:2    | Learned a level 3 spell: Mephitic Cloud
 48327 | Elf:2    | Learned a level 5 spell: Silence
 48353 | Elf:3    | Entered Level 3 of the Elven Halls
 48531 | Elf:3    | Found a transporter.
 48931 | Vaults:1 | Entered Level 1 of the Vaults
 49854 | Vaults:1 | Noticed Saint Roka
 49884 | Vaults:1 | Killed Saint Roka
 49884 | Vaults:1 | Reached XP level 20. HP: 157/157 MP: 36/36
 50787 | Vaults:1 | You fall into a shaft and drop 1 floor!
 50790 | Vaults:2 | Noticed Donald
 50805 | Vaults:2 | Killed Donald
 52144 | Snake:3  | Bought the ring of Phasing {EV+8} for 2048 gold pieces
 52144 | Snake:3  | Found the ring of Phasing {EV+8}
 52610 | Vaults:2 | Got a slimy shield
 52616 | Vaults:2 | Identified the +1 shield of the Marlin {rC+++ MP+9 Str-5
                  | Stlth-} (You acquired it on level 2 of the Vaults)
 52647 | Vaults:2 | Noticed a bone dragon
 52669 | Vaults:2 | Killed a bone dragon
 52674 | Vaults:2 | Found a staircase to the Crypt.
 52723 | Vaults:2 | Reached skill level 14 in Fighting
 53405 | Vaults:2 | Found a runed translucent gate.
 53406 | Vaults:2 | Found a runed translucent gate.
 53406 | Vaults:2 | Found a runed translucent gate.
 53893 | Vaults:2 | Noticed Sojobo
 53910 | Vaults:2 | Killed Sojobo
 53910 | Vaults:2 | Reached XP level 21. HP: 152/165 MP: 38/38
 55217 | Vaults:3 | You fall into a shaft and drop 1 floor!
 55271 | Vaults:4 | Found a glowing silver altar of Zin.
 56076 | Vaults:4 | Reached skill level 15 in Long Blades
 56076 | Vaults:4 | Reached skill level 15 in Dodging
 56245 | Vaults:4 | Reached skill level 15 in Invocations
 56628 | Vaults:4 | Found a runed translucent gate.
 56628 | Vaults:4 | Found a runed translucent gate.
 56628 | Vaults:4 | Found a runed translucent gate.
 56628 | Vaults:4 | Noticed asdu's ghost (adept DgFE)
 57995 | Elf:2    | Reached XP level 22. HP: 164/173 MP: 40/40
 58274 | Elf:2    | Killed Roxanne
 58751 | Elf:3    | Found a bloodstained altar of Trog.
 58751 | Elf:3    | Identified the cursed +1 rapier of Exhibitionism
                  | {antimagic, *Noise +Fly rN+}
 58758 | Elf:3    | Found a transporter.
 58758 | Elf:3    | Identified the +5 longbow of Beogh's Vengeance {speed, rN+
                  | Int+2 Stlth+}
 58758 | Elf:3    | Identified the +11 rapier of the Kidney {vamp, MP+9}
 58759 | Elf:3    | Noticed EWolf's ghost (adept MiFi)
 59416 | Elf:3    | Identified the +7 whip of Blind Justice {antimagic, rPois
                  | Dex+3}
 60624 | Elf:3    | Reached skill level 15 in Fighting
 60624 | Elf:3    | Reached skill level 15 in Throwing
 61063 | Elf:3    | Identified Uwe Cyfo's Incunabulum of Creative Fire
 61154 | Elf:3    | Got a wavering silver ring
 61164 | Elf:3    | Identified the ring "Ecov" {rPois rC+ MR+} (You found it on
                  | level 3 of the Elven Halls)
 61458 | Depths:1 | Entered Level 1 of the Depths
 61876 | Depths:1 | Found a gateway to Hell.
 62074 | Depths:1 | Found a one-way gate to the infinite horrors of the Abyss.
 62267 | Depths:1 | Identified the +1 faerie dragon scales {+Inv +Fly rCorr}
 62267 | Depths:1 | Noticed the Enchantress
 62307 | Depths:1 | Killed the Enchantress
 62419 | Depths:1 | Noticed Nikola
 62450 | Depths:1 | Killed Nikola
 62962 | Depths:2 | Reached XP level 23. HP: 182/182 MP: 41/41
 63620 | Depths:2 | You fall into a shaft and drop 2 floors!
 63620 | Depths:4 | Found Byehuwon's General Store.
 63748 | Depths:3 | Found a one-way gate leading to the halls of Pandemonium.
 63840 | Depths:2 | Noticed Mara
 64026 | Depths:2 | Reached skill level 16 in Fighting
 64050 | Depths:2 | Reached skill level 15 in Short Blades
 64050 | Depths:2 | Reached skill level 15 in Axes
 64050 | Depths:2 | Reached skill level 15 in Maces & Flails
 64050 | Depths:2 | Reached skill level 15 in Polearms
 64050 | Depths:2 | Reached skill level 15 in Staves
 64050 | Depths:2 | Reached skill level 15 in Slings
 64050 | Depths:2 | Reached skill level 15 in Bows
 64050 | Depths:2 | Reached skill level 15 in Crossbows
 64050 | Depths:2 | Reached skill level 15 in Armour
 64050 | Depths:2 | Reached skill level 15 in Stealth
 64050 | Depths:2 | Reached skill level 15 in Shields
 64050 | Depths:2 | Reached skill level 15 in Unarmed Combat
 64050 | Depths:2 | Reached skill level 15 in Spellcasting
 64050 | Depths:2 | Reached skill level 15 in Evocations
 64238 | Depths:2 | Noticed bmfx's illusion
 64737 | Depths:2 | Noticed bmfx's illusion
 64971 | Depths:3 | Found a gateway to a ziggurat.
 65865 | Depths:3 | Found Kappok's Gadget Shoppe.
 65865 | Depths:3 | Found Maug's Jewellery Shop.
 65866 | Depths:3 | Found Vim Zemeit's Gadget Shoppe.
 65872 | Depths:3 | Bought an uncursed amulet of guardian spirit for 420 gold
                  | pieces
 66036 | Depths:3 | Bought a lamp of fire for 560 gold pieces
 66707 | Depths:4 | Found Guezun's Distillery.
 66990 | Depths:4 | Learned a level 3 spell: Regeneration
 67170 | Depths:4 | Found Ciemmeipso's Distillery.
 67173 | Depths:4 | Bought a potion of resistance for 200 gold pieces
 67173 | Depths:4 | Bought a potion of might for 80 gold pieces
 67173 | Depths:4 | Bought a potion of might for 80 gold pieces
 67177 | Depths:4 | Bought a potion of agility for 68 gold pieces
 67177 | Depths:4 | Bought a potion of resistance for 170 gold pieces
 67177 | Depths:4 | Bought a potion of cancellation for 136 gold pieces
 67226 | Depths:4 | Reached XP level 24. HP: 193/193 MP: 42/42
 67289 | Depths:4 | Bought a scroll of enchant weapon for 142 gold pieces
 67813 | Depths:4 | Noticed a juggernaut
 67844 | Depths:4 | Killed a juggernaut
 67924 | Depths:5 | Entered Level 5 of the Depths
 68104 | Depths:5 | Found a magical portal.
 68135 | WizLab   | Entered The Chambers of the Cloud Mage
 68180 | WizLab   | Learned a level 4 spell: Airstrike
 68283 | WizLab   | Reached skill level 17 in Fighting
 68951 | WizLab   | Identified a +2 pair of boots of running (You found it in a
                  | wizard's laboratory)
 68958 | WizLab   | Identified Ukiosch's Tome of Flight
 69146 | Depths:5 | Found a gate to the Realm of Zot.
 70446 | Vaults:5 | Entered Level 5 of the Vaults
 70470 | Vaults:5 | Reached XP level 25. HP: 198/201 MP: 34/42
 70859 | Vaults:5 | Got a silver rune of Zot
 70861 | Vaults:5 | Identified the +1 pair of gloves of the Vestibule of Hell
                  | {+Blink rElec rN+++ Dex-4} (You found it on level 5 of the
                  | Vaults)
 70893 | Vaults:5 | Identified the ring of Ascent {rN+ Str+3} (You acquired it
                  | on level 5 of the Vaults)
 70895 | Vaults:5 | Identified the +0 chain mail of Omnaxt {rC- rCorr Str+2}
                  | (You acquired it on level 5 of the Vaults)
 70987 | Vaults:5 | Reached skill level 18 in Fighting
 71714 | Vaults:5 | Identified the cursed +1 plate armour "Rivuthat" {rPois rN+
                  | Regen+ Int-3}
 71730 | Vaults:5 | Reached XP level 26. HP: 212/212 MP: 35/43
 71859 | Vaults:5 | Learned a level 4 spell: Summon Lightning Spire
 71867 | Vaults:5 | Learned a level 6 spell: Deflect Missiles
 72041 | Vaults:5 | Found Cuoqym's Magic Scroll Shoppe.
 72733 | Vaults:5 | Found Buwe's Food Shoppe.
 72745 | Vaults:5 | Found Poess's Magic Scroll Emporium.
 72750 | Vaults:5 | Bought 2 scrolls of enchant armour for 150 gold pieces
 72752 | Vaults:5 | Bought a scroll of enchant armour for 75 gold pieces
 72932 | Vaults:5 | Bought 3 scrolls of teleportation for 162 gold pieces
 72932 | Vaults:5 | Bought a scroll of teleportation for 54 gold pieces
 72949 | Vaults:5 | Reached skill level 19 in Fighting
 72952 | Vaults:5 | Found Cuoqym's Magic Scroll Shoppe.
 73148 | Vaults:5 | Found Poess's Magic Scroll Emporium.
 73162 | Vaults:5 | Found Buwe's Food Shoppe.
 73900 | Crypt:1  | Entered Level 1 of the Crypt
 73925 | Crypt:1  | Learned a level 5 spell: Lee's Rapid Deconstruction
 74528 | Crypt:1  | You fall into a shaft and drop 1 floor!
 75197 | Crypt:2  | Noticed Sewnetwi's ghost (adept GrFi)
 75205 | Crypt:2  | Found a runed translucent gate.
 75205 | Crypt:2  | Found a runed translucent gate.
 75207 | Crypt:2  | Found a runed translucent gate.
 75547 | Crypt:3  | Entered Level 3 of the Crypt
 75894 | Crypt:3  | Identified the Grimoire of Torrid Earth
 76006 | Crypt:3  | Reached XP level 27. HP: 221/221 MP: 43/43
 76724 | Crypt:3  | Found a staircase to the Tomb.
 76726 | Crypt:3  | Noticed an ancient lich
 76736 | Crypt:3  | Noticed an ancient lich
 76752 | Crypt:3  | Killed an ancient lich
 76764 | Crypt:3  | Killed an ancient lich
 76813 | Crypt:3  | Identified the ring "Eniucranull" {rC+ rN+ Int+3} (You
                  | found it on level 3 of the Crypt)
 76814 | Crypt:3  | Identified the ring of Duvunomm {rElec rN+ Dex+2 SInv} (You
                  | found it on level 3 of the Crypt)
 77529 | Snake:3  | Bought an uncursed ring of resist corrosion for 320 gold
                  | pieces
 77704 | Slime:1  | Entered Level 1 of the Pits of Slime
 77713 | Slime:1  | Gained mutation: You are frail. (-10% HP) [a shining eye]
 78020 | Slime:5  | Entered Level 5 of the Pits of Slime
 78086 | Slime:5  | Found a viscous altar of Jiyva.
 78087 | Slime:5  | Noticed the Royal Jelly
 78119 | Slime:5  | Killed the Royal Jelly
 78191 | Slime:5  | Got a slimy rune of Zot
 78207 | Slime:5  | Identified the amulet "Moedasoq" {RegenMP Stlth+} (You
                  | found it on level 5 of the Pits of Slime)
 78787 | Vaults:2 | Reached skill level 20 in Fighting
 78828 | Vaults:2 | Found a runed translucent gate.
 78828 | Vaults:2 | Found a runed translucent gate.
 78828 | Vaults:2 | Noticed Moutitz's ghost (adept MiFi)
 78836 | Vaults:2 | Found a runed translucent gate.
 79006 | Crypt:2  | Reached skill level 15 in Conjurations
 79006 | Crypt:2  | Reached skill level 15 in Hexes
 79006 | Crypt:2  | Reached skill level 15 in Charms
 79006 | Crypt:2  | Reached skill level 15 in Summonings
 79006 | Crypt:2  | Reached skill level 15 in Necromancy
 79006 | Crypt:2  | Reached skill level 15 in Translocations
 79006 | Crypt:2  | Reached skill level 15 in Transmutations
 79006 | Crypt:2  | Reached skill level 15 in Fire Magic
 79006 | Crypt:2  | Reached skill level 15 in Ice Magic
 79006 | Crypt:2  | Reached skill level 15 in Air Magic
 79006 | Crypt:2  | Reached skill level 15 in Earth Magic
 79006 | Crypt:2  | Reached skill level 15 in Poison Magic
 79083 | Crypt:2  | Killed Sewnetwi's ghost
 79195 | Crypt:2  | Identified the ring "Pacw" {rN+ EV+2 Int+4 SInv} (You found
                  | it on level 2 of the Crypt)
 79338 | Vaults:2 | Gained mutation: Your magical capacity is low. (-10% MP) [a
                  | cacodemon]
 79373 | Vaults:2 | Killed Moutitz's ghost
 79390 | Vaults:2 | Lost mutation: Your magical capacity is low. (-10% MP)
                  | [potion of mutation]
 79390 | Vaults:2 | Lost mutation: You are frail. (-10% HP) [potion of
                  | mutation]
 79390 | Vaults:2 | Gained mutation: Your body sometimes deteriorates upon
                  | taking damage. [potion of mutation]
 79390 | Vaults:2 | Gained mutation: Your mind is acute. (Int +2) [potion of
                  | mutation]
 79412 | Vaults:2 | Identified the +2 hat "Houdeud" {Int+7 Dex+3} (You found it
                  | on level 2 of the Vaults)
 79982 | D:4      | Bought a potion of heal wounds for 85 gold pieces
 79982 | D:4      | Bought a leatherbound book for 255 gold pieces
 80227 | Orc:2    | Bought a book of Geomancy for 525 gold pieces
 80230 | Orc:2    | Learned a level 2 spell: Passwall
 80503 | Depths:4 | Bought a potion of curing for 60 gold pieces
 80503 | Depths:4 | Bought a potion of curing for 60 gold pieces
 80503 | Depths:4 | Bought a potion of cancellation for 160 gold pieces
 80507 | Depths:4 | Bought a potion of resistance for 170 gold pieces
 80507 | Depths:4 | Bought a potion of curing for 51 gold pieces
 80560 | Zot:1    | Entered Level 1 of the Realm of Zot
 80564 | Zot:2    | Found a runed translucent gate.
 80564 | Zot:2    | Found a runed translucent gate.
 80564 | Zot:2    | Found a runed translucent gate.
 80589 | Zot:2    | Noticed Azzok's ghost (master CeBe)
 81285 | Zot:1    | Identified the cursed +1 great mace of the Shrike
                  | {antimagic, Dex+4 SInv}
 81865 | Zot:1    | Identified the cursed +0 plate armour of the Dragon {Regen+
                  | Int+4 Stlth-} (You found it on level 1 of the Realm of Zot)
 82803 | Zot:2    | Reached skill level 21 in Fighting
 82989 | Zot:2    | Killed Azzok's ghost
 83044 | Zot:2    | Identified the ring "Gakel" {-Tele rPois Dex+5} (You
                  | acquired it on level 2 of the Realm of Zot)
 85075 | Zot:5    | Entered Level 5 of the Realm of Zot
 85094 | Zot:5    | Noticed an orb of fire
 85121 | Zot:4    | Gained mutation: Your spells are a little easier to cast,
                  | but a little less powerful. [an orb of fire]
 85134 | Zot:4    | Killed an orb of fire
 85455 | Zot:5    | Reached skill level 22 in Fighting
 85872 | Zot:5    | Noticed an orb of fire
 85873 | Zot:5    | Noticed an orb of fire
 85874 | Zot:5    | Noticed an orb of fire
 85878 | Zot:5    | Noticed an orb of fire
 85890 | Zot:5    | Gained mutation: Scrolls take you a little longer to read.
                  | [an orb of fire]
 85890 | Zot:5    | Noticed an ancient lich
 85891 | Zot:5    | Killed an orb of fire
 85894 | Zot:5    | Gained mutation: Armour fits poorly on your strangely
                  | shaped body. [an orb of fire]
 85901 | Zot:5    | Noticed an ancient lich
 85908 | Zot:5    | Gained mutation: Your magical capacity is low. (-10% MP)
                  | [an orb of fire]
 85911 | Zot:5    | Killed an orb of fire
 85913 | Zot:5    | Gained mutation: You are occasionally teleported next to
                  | monsters. [an orb of fire]
 85916 | Zot:5    | Gained mutation: You have sharp toenails. [an orb of fire]
 85919 | Zot:5    | Lost mutation: Your mind is acute. (Int +2) [an orb of
                  | fire]
 85925 | Zot:5    | Noticed an ancient lich
 85927 | Zot:5    | Killed an orb of fire
 85944 | Zot:5    | Killed an orb of fire
 85962 | Zot:4    | Lost mutation: Armour fits poorly on your strangely shaped
                  | body. [potion of mutation]
 85962 | Zot:4    | Lost mutation: Your magical capacity is low. (-10% MP)
                  | [potion of mutation]
 85962 | Zot:4    | Gained mutation: Potions are less effective at restoring
                  | your health. [potion of mutation]
 85962 | Zot:4    | Gained mutation: You are weak. (Str -2) [potion of
                  | mutation]
 85962 | Zot:4    | Gained mutation: You are agile. (Dex +2) [potion of
                  | mutation]
 85962 | Zot:4    | Gained mutation: You have razor-sharp toenails. [potion of
                  | mutation]
 85963 | Zot:4    | Lost mutation: Your body sometimes deteriorates upon taking
                  | damage. [potion of mutation]
 85963 | Zot:4    | Lost mutation: You are occasionally teleported next to
                  | monsters. [potion of mutation]
 85963 | Zot:4    | Lost mutation: Scrolls take you a little longer to read.
                  | [potion of mutation]
 85963 | Zot:4    | Gained mutation: You tend to lose your temper in combat.
                  | [potion of mutation]
 85963 | Zot:4    | Gained mutation: Your flesh is heat resistant. (rF+)
                  | [potion of mutation]
 85964 | Zot:4    | Lost mutation: Potions are less effective at restoring your
                  | health. [potion of mutation]
 85964 | Zot:4    | Lost mutation: You are agile. (Dex +2) [potion of mutation]
 85964 | Zot:4    | Lost mutation: You are weak. (Str -2) [potion of mutation]
 85964 | Zot:4    | Gained mutation: You are resistant to hostile enchantments.
                  | (MR+) [potion of mutation]
 85964 | Zot:4    | Gained mutation: You are partially covered in icy blue
                  | scales. (AC +2) [potion of mutation]
 85964 | Zot:4    | Gained mutation: You expend magic power (3 MP) to
                  | strengthen your wands. [potion of mutation]
 85965 | Zot:4    | Lost mutation: You tend to lose your temper in combat.
                  | [potion of mutation]
 85965 | Zot:4    | Lost mutation: Your spells are a little easier to cast, but
                  | a little less powerful. [potion of mutation]
 85965 | Zot:4    | Lost mutation: Your flesh is heat resistant. (rF+) [potion
                  | of mutation]
 85965 | Zot:4    | Gained mutation: You have a pair of small horns on your
                  | head. [potion of mutation]
 85965 | Zot:4    | Gained mutation: You are highly resistant to hostile
                  | enchantments. (MR++) [potion of mutation]
 86120 | Zot:5    | Killed an ancient lich
 86127 | Zot:5    | Killed an ancient lich
 86135 | Zot:5    | Killed an ancient lich
 86308 | Zot:5    | Noticed an ancient lich
 86326 | Zot:5    | Killed an ancient lich
 86879 | Zot:5    | Reached skill level 23 in Fighting
 87152 | Zot:5    | Got the Orb of Zot
 87326 | Depths:5 | Noticed Immux the pandemonium lord
 87483 | D:14     | Noticed Zoathre the pandemonium lord
 87686 | D:7      | Noticed a seraph
 87745 | D:5      | Noticed Tiudas the pandemonium lord
 87833 | D:$      | Escaped with the Orb!
